 Dungeon Crawl Stone Soup version 0.28-a0-512-g960c72b710 (webtiles) character file.

Game seed: 2224632381151299924

81 EnegeticOcto the Digger (level 4, -2/27 HPs)
             Began as an Octopode Earth Elementalist on Sept 22, 2021.
             Slain by a gnoll shaman (3 damage)
             ... on level 3 of the Dungeon.
             The game lasted 00:05:16 (3770 turns).

EnegeticOcto the Digger (OpEE)                      Turns: 3770, Time: 00:05:17

Health: -2/27      AC:  1    Str:  7    XL:     4   Next: 42%
Magic:  1/7        EV: 13    Int: 18    God:
Gold:   58         SH:  0    Dex: 12    Spells: 1/7 levels left

rFire   . . .      SeeInvis .   a - +0 dagger
rCold   . . .      Faith    .   (no shield)
rNeg    . . .      Spirit   .   (helmet restricted)
rPois   .          Reflect  .   (no amulet)
rElec   .          Harm     .   (no ring)
rCorr   .          Rampage  .   (no ring)
Will    .....                   (no ring)
Stlth   ++........              (no ring)
HPRegen 0.09/turn               (no ring)
MPRegen 0.10/turn               (no ring)
                                (no ring)
                                (no ring)

@: lit by a corona, glowing
A: almost no armour, amphibious, 8 rings, camouflage 1, gelatinous body 1,
(nimble swimmer 1), tentacles
a: no special abilities


You were on level 3 of the Dungeon.
You visited 1 branch of the dungeon, and saw 4 of its levels.

You collected 58 gold pieces.

Inventory:

Hand Weapons
 a - a +0 dagger (weapon)
   (You took it off a goblin on level 1 of the Dungeon)
 k - a +0 vorpal hand axe
   (You found it on level 3 of the Dungeon)
Missiles
 b - 30 stones
 f - 5 curare-tipped darts
Armour
 h - a +0 kite shield
   (You found it on level 2 of the Dungeon)
Jewellery
 i - an amulet of faith
   (You found it on level 2 of the Dungeon)
Scrolls
 e - a scroll of immolation {unknown}
 g - a scroll of magic mapping {unknown}
 j - a scroll of identify {unknown}
 l - 3 scrolls of fog {unknown}


   Skills:
 - Level 2.0 Dodging
 - Level 3.0 Stealth
 - Level 2.0 Spellcasting
 + Level 2.3 Conjurations
 - Level 1.0 Transmutations
 - Level 4.2 Earth Magic


You had one spell level left.
You knew the following spells:

 Your Spells              Type           Power      Damage    Failure   Level
a - Sandblast             Erth           34%        2d9       3%          1
b - Stone Arrow           Conj/Erth      26%        3d8       14%         3
p - Passwall              Tmut/Erth      9%         N/A       10%         2

Your spell library contained the following spells:

 Spells                   Type           Power      Damage    Failure   Level
 Animate Skeleton         Necr           2%         N/A       19%         1
 Apportation              Tloc           2%         N/A       19%         1
 Summon Small Mammal      Summ           4%         N/A       19%         1
 Dazzling Flash           Conj/Hex       10%        N/A       34%         3
 Petrify                  Tmut/Erth      11%        N/A       52%         4
 Agony                    Necr           1%         N/A       99%         5
 Silence                  Hex/Air        0%         N/A       99%         5


Dungeon Overview and Level Annotations

Branches:
Dungeon (4/15)
 Temple: D:4-7

Altars:
Hepliaklqana
Okawaru
Qazlal


Innate Abilities, Weirdness & Mutations

You cannot wear most types of armour.
You are amphibious.
You can wear up to eight rings at the same time.
Your skin changes colour to match your surroundings (Stealth+).
Your rubbery body absorbs attacks. (AC +1, EV +1)
((You are camouflaged near water. (Stealth+)))
You have tentacles for arms and can constrict up to eight enemies at once.


Message History

Aim: a gnoll shaman, wielding a +0 whip and wearing a +0 robe (72% to hit)
The stone arrow misses the gnoll shaman.
Casting: Stone Arrow (quite dangerous; 14% risk of failure)
Confirm with . or Enter, or press ? or * to list all spells.
Aiming: Sandblast (safe; 3% risk of failure)
Press: ? - help, Shift-Dir - straight line, f - you, p - gnoll shaman That would be overly suicidal.
Okay, then.
Unknown command.
A gnoll comes into view. It is wielding a +0 club.
Casting: Sandblast (safe; 3% risk of failure)
Confirm with . or Enter, or press ? or * to list all spells.
Aiming: Sandblast (safe; 3% risk of failure)
Press: ? - help, Shift-Dir - straight line, f - gnoll shaman
Aim: a gnoll shaman, wielding a +0 whip and wearing a +0 robe (82% to hit)
The blast of sand hits the gnoll shaman but does no damage.
The gnoll shouts!
You climb upwards.
There is a stone staircase leading down here.
You start resting.
Magic restored.
You climb downwards.
The gnoll shaman barely misses you.
A gnoll comes into view. It is wielding a +0 whip.
The gnoll shaman hits you with a +0 whip!
There is a stone staircase leading up here.
The gnoll shaman calls down the wrath of its god upon you.
You are outlined in light.
You climb upwards.
There is a stone staircase leading down here.
Casting: Sandblast (safe; 3% risk of failure)
Confirm with . or Enter, or press ? or * to list all spells.
Aiming: Sandblast (safe; 3% risk of failure)
Press: ? - help, Shift-Dir - straight line, f - gnoll shaman
Aim: a gnoll shaman, wielding a +0 whip and wearing a +0 robe (82% to hit)
The blast of sand hits the gnoll shaman but does no damage.
The gnoll shaman barely misses you.
Casting: Sandblast (safe; 3% risk of failure)
Confirm with . or Enter, or press ? or * to list all spells.
Aiming: Sandblast (safe; 3% risk of failure)
Press: ? - help, Shift-Dir - straight line, f/p - gnoll shaman
Aim: a gnoll shaman, wielding a +0 whip and wearing a +0 robe (82% to hit)
The blast of sand hits the gnoll shaman.
The gnoll shaman is moderately wounded.
The gnoll shaman hits you with a +0 whip.
Casting: Sandblast (safe; 3% risk of failure)
Confirm with . or Enter, or press ? or * to list all spells.
Aiming: Sandblast (safe; 3% risk of failure)
Press: ? - help, Shift-Dir - straight line, f/p - gnoll shaman
Aim: a gnoll shaman, wielding a +0 whip and wearing a +0 robe (moderately wounded, 82% to hit)
The blast of sand hits the gnoll shaman but does no damage.
The gnoll shaman is moderately wounded.
The gnoll shaman hits you with a +0 whip.
Casting: Sandblast (safe; 3% risk of failure)
Confirm with . or Enter, or press ? or * to list all spells.
Aiming: Sandblast (safe; 3% risk of failure)
Press: ? - help, Shift-Dir - straight line, f/p - gnoll shaman
Aim: a gnoll shaman, wielding a +0 whip and wearing a +0 robe (moderately wounded, 82% to hit)
The blast of sand hits the gnoll shaman but does no damage.
The gnoll shaman is moderately wounded.
The gnoll shaman hits you with a +0 whip!
* * * LOW HITPOINT WARNING * * *
It was a potion of ambrosia.
You are confused.
You feel invigorated. The gnoll shaman misses you.
You miss the gnoll shaman.
The gnoll shaman is moderately wounded.
The gnoll shaman hits you with a +0 whip.
* * * LOW HITPOINT WARNING * * *
You bump into the rock wall.
The gnoll shaman hits you with a +0 whip.
* * * LOW HITPOINT WARNING * * *
The gnoll shaman hits you with a +0 whip.
* * * LOW HITPOINT WARNING * * *
You hit the gnoll shaman.
The gnoll shaman is moderately wounded.
You feel less invigorated.
You feel less confused.
The gnoll shaman hits you with a +0 whip!
* * * LOW HITPOINT WARNING * * *
It was a potion of curing.
You feel better. The gnoll shaman closely misses you.
Casting: Sandblast (safe; 3% risk of failure)
Confirm with . or Enter, or press ? or * to list all spells.
The spell is quite dangerous to cast (14% risk of failure)!
Continue anyway?
Aiming: Stone Arrow (quite dangerous; 14% risk of failure)
Press: ? - help, Shift-Dir - straight line, f/p - gnoll shaman
Aim: a gnoll shaman, wielding a +0 whip and wearing a +0 robe (moderately wounded, 72% to hit)
The stone arrow misses the gnoll shaman.
The gnoll shaman hits you with a +0 whip!
* * * LOW HITPOINT WARNING * * *
Casting: Stone Arrow (quite dangerous; 14% risk of failure)
Confirm with . or Enter, or press ? or * to list all spells.
The spell is quite dangerous to cast (14% risk of failure)!
Continue anyway?
Aiming: Stone Arrow (quite dangerous; 14% risk of failure)
Press: ? - help, Shift-Dir - straight line, f/p - gnoll shaman
Aim: a gnoll shaman, wielding a +0 whip and wearing a +0 robe (moderately wounded, 72% to hit)
The stone arrow hits the gnoll shaman!
The gnoll shaman is severely wounded.
The gnoll shaman hits you with a +0 whip.
You die...

#
#.#..#######...........(.#
##
#..........#############.#
.#####.....##.# #.# ...#
#.###.##.##### #.# .#.#
#.###.##.#...# ###.#
##.###............# #...#
##............#...# #.###
##.#######.##.##.##### #.#
##.# #.##...@....# #.# ##.#
#.##.##g###.####.#
##.#######.#...#.>.....##.#
#.##........#.......#.##.#
#.##.##.#.#...#######.##.#
##.##.##.#.##.## #.##.#
...##.##.#.##.# #.##.#
...##.##.#.##.# ##.##.#
##............#######...#.#


You could see a gnoll shaman.

Vanquished Creatures
  A gnoll (D:4)
  A worm (D:3)
  A dart slug (D:2)
  7 ball pythons
  6 bats
  5 endoplasms
  2 giant cockroaches
  7 goblins
  7 hobgoblins
  8 jackals (D:2)
  4 quokkas
  4 frilled lizards
  3 kobolds
  3 rats
59 creatures vanquished.

Vanquished Creatures (others)
  7 toadstools (D:1)
7 creatures vanquished.

Grand Total: 66 creatures vanquished

Notes
Turn   | Place    | Note
-------+----------+-------------------------------------------
     0 | D:1      | EnegeticOcto the Octopode Earth Elementalist began the
                  | quest for the Orb.
     0 | D:1      | Reached XP level 1. HP: 11/11 MP: 3/3
   100 | D:1      | Reached skill level 3 in Stealth
   213 | D:1      | Reached XP level 2. HP: 17/17 MP: 0/5
   378 | D:1      | Found a faded altar of an unknown god.
   922 | D:1      | Reached skill level 4 in Earth Magic
  1024 | D:1      | Reached XP level 3. HP: 21/21 MP: 6/6
  1539 | D:2      | Learned a level 3 spell: Stone Arrow
  1542 | D:2      | Learned a level 2 spell: Passwall
  1713 | D:2      | Reached skill level 1 in Conjurations
  2339 | D:2      | Reached XP level 4. HP: 27/27 MP: 7/7
  3036 | D:3      | Reached skill level 2 in Conjurations
  3060 | D:3      | Found a stormy altar of Qazlal.
  3060 | D:3      | Found a hazy altar of Hepliaklqana.
  3061 | D:3      | Found an iron altar of Okawaru.
  3760 | D:3      | HP: 1/27 [gnoll shaman (8)]
  3767 | D:3      | HP: 1/27 [gnoll shaman (11)]
  3770 | D:3      | Slain by a gnoll shaman

Illustrated notes

Levels and vault maps discovered:
D:1:      nagdon_arrival_zigzag_paths, layout_basic, basic_ecumenical_altar
D:2:      layout_basic
D:3:      layout_loops_ring, gammafunk_temple_overflow_claw
D:4:      layout_basic, mainiacjoe_overflow_cross_hatched,
          nicolae_zen_rock_garden

Skill      XL: |  1  2  3  4 |
---------------+-------------+-----
Stealth        | 3 |  3.0
Earth Magic    | 4 |  4.2
Conjurations   | 1 2 |  2.3
Dodging        | |  2.0
Spellcasting   | |  2.0
Transmutations | |  1.0

Action                   |  1- 3 |  4- 6 || total
-------------------------+-------+-------++-------
Melee: Unarmed           |    15 |       ||    15
       Constrict         |    30 |     5 ||    35
       Tentacles         |    10 |     7 ||    17
       Dagger            |   104 |    23 ||   127
 Cast: Sandblast         |    16 |     8 ||    24
       Stone Arrow       |       |     6 ||     6
       Passwall          |       |     1 ||     1
  Use: Potion            |       |     2 ||     2
 Stab: Sleeping          |     6 |     3 ||     9
Armor: Skin              |    27 |     1 ||    28
Dodge: Dodged            |    89 |    14 ||   103

Table legend: (Time is in decaauts)
 A = Elapsed time spent in this place.
 B = Non-inter-level travel time spent in this place.
 C = Inter-level travel time spent in this place.
 D = Time resting spent in this place.
 E = Time spent auto-exploring this place.
 F = Levels seen in this place.
 G = Mean time per level.
                   A        B        C        D        E       F      G
               +--------+--------+--------+--------+--------+-----+--------+
         Total |   3770 |   3707 |     63 |    112 |   2951 |   4 |  942.5 |
       Dungeon |   3770 |   3707 |     63 |    112 |   2951 |   4 |  942.5 |
               +--------+--------+--------+--------+--------+-----+--------+

Top non-repeatable levels by time:
     D:1: 1432 daAuts
     D:2: 1310 daAuts
     D:3: 1018 daAuts
     D:4: 8 daAuts
